 Dungeon Crawl Stone Soup version 0.19-a0-1188-g4c2e17c (webtiles) character file.

12537 LORDOFBUTT the Cleaver (level 11, -10/97 HPs)
             Began as a Minotaur Fighter on Aug 15, 2016.
             Was an Initiate of Gozag.
             Engulfed by an ice statue's freezing vapour (16 damage)
             ... in an ice cave on Aug 19, 2016.
             The game lasted 00:15:57 (9141 turns).

LORDOFBUTT the Cleaver (Minotaur Fighter)           Turns: 9141, Time: 00:15:59

Health: -10/97     AC: 19    Str: 21    XL:     11   Next: 63%
Magic:  10/10      EV: 16    Int:  5    God:    Gozag
Gold:   1569       SH: 13    Dex: 13    Spells: 0 memorised, 10 levels left

rFire  + . .     SeeInvis .     K - +2 war axe (elec)
rCold  . . .     Gourm    .     E - +1 scale mail {rF+}
rNeg   . . .     Faith    .     c - +1 shield
rPois  .         Spirit   .     q - +2 hat
rElec  .         Dismiss  .     (no cloak)
rCorr  .         Reflect  .     B - +2 pair of gloves
MR     .....     Harm     .     (no boots)
Stlth  +.........               (no amulet)
                                N - +2 ring of evasion
                                e - +5 ring of protection

@: no status effects
A: retaliatory headbutt, horns 2
a: Potion Petition, Call Merchant, Bribe Branch, Renounce Religion


You were in an ice cave.
You worshipped Gozag.
Gozag was most pleased with you.
You were not hungry.

You visited 2 branches of the dungeon, and saw 12 of its levels.
You also visited: Sewer and Ice Cave.

You collected 1754 gold pieces.
You paid 185 gold pieces to Gozag.

Inventory:

Hand Weapons
 j - a +4 hand axe
 K - a +2 war axe of electrocution (weapon)
Armour
 c - a +1 shield (worn)
 q - a +2 hat (worn)
 B - a +2 pair of gloves (worn)
 E - a +1 scale mail of fire resistance (worn)
Jewellery
 e - a +5 ring of protection (left hand)
 p - a +4 ring of intelligence
 A - a +1 ring of slaying
 N - a +2 ring of evasion (right hand)
Wands
 a - a wand of paralysis (8/24)
 r - a wand of paralysis (14/24)
 C - a wand of iceblast (5/15)
 D - a wand of polymorph (12/24)
 F - a wand of paralysis (15/24)
 I - a wand of flame (13/48)
 L - a wand of lightning (5/15)
Scrolls
 d - 2 scrolls of teleportation
 h - a scroll of fear
 k - 2 scrolls of amnesia
 n - 3 scrolls of remove curse
 t - 3 scrolls of magic mapping
 u - 3 scrolls of blinking
 v - a scroll of enchant weapon
 x - 4 scrolls of noise
 y - 2 scrolls of enchant armour
 G - 2 scrolls of recharging
Potions
 b - a potion of cancellation {unknown}
 g - 5 potions of curing
 i - a potion of invisibility
 o - 5 potions of flight
 s - 2 potions of ambrosia
 H - a potion of haste {unknown}
 J - a potion of brilliance
 M - a potion of cure mutation {unknown}
 O - a potion of magic {unknown}
Comestibles
 f - 4 beef jerkies
 l - 2 slices of pizza
 m - a royal jelly
 w - 5 bread rations
 z - a meat ration


   Skills:
 + Level 9.5 Fighting
 + Level 11.4 Axes
 + Level 9.0 Armour
 + Level 9.4 Dodging
 + Level 2.9 Stealth
 + Level 11.1 Shields


You had 10 spell levels left.
You didn't know any spells.

Dungeon Overview and Level Annotations

Branches:
Dungeon (11/15)            Temple (1/1) D:4
   Lair: D:8-11         Orc: D:9-12

Altars:
Ashenzari
Cheibriados
Dithmenos
Elyvilon
Fedhas
Gozag
Hepliaklqana
Kikubaaqudgha
Makhleb
Nemelex Xobeh
Okawaru
Qazlal
Ru
Sif Muna
Trog
Uskayaw
Vehumet
Xom
Yredelemnul
Zin
The Shining One

Annotations:
IceCv exclusion: 2 ice statues, liquidsnake's ghost, journeyman HEFi


Innate Abilities, Weirdness & Mutations

You reflexively headbutt those who attack you in melee.
You have a pair of horns on your head.


Message History

You block liquidsnake's ghost's attack.
You see here 41 gold pieces.
You now have 1569 gold pieces (gained 41).
Liquidsnake's ghost hits you! Liquidsnake's ghost burns you.
Your surroundings suddenly seem different!
Marking area around the ice statue as unsafe for travelling.
Marking area around the ice statue as unsafe for travelling.
An ugly thing and 2 ice statues come into view.
The white ugly thing gurgles horribly!
The ice statue gestures. x2
Found four items.
Found an ice covered gate leading back out of this place.
The ice statue gestures at you. The freezing blast misses you.
The ice statue gestures at you. The freezing blast engulfs you!
* * * LOW HITPOINT WARNING * * *
You are engulfed in freezing vapours.
You die...
Your body crumbles into a pile of gold.

####
##...####
........##
.........##
.....Y....##
8..8.....§.#
.$.....§§§.#
|.=...u§§@.#
.?....Y§§§.#
8..8.......#
..........##
.........##
........##
##...####
####


You could see 2 ice statues, a white ugly thing and 2 ice beasts.

Vanquished Creatures
  Harold (D:10)
  Erica (D:11)
  Sonja (D:10)
  3 hill giants
  An ugly thing (IceCv)
  Prince Ribbit (D:6)
  Eustachio (D:5)
  A human (D:7)
  7 yaks
  Grum (D:11)
  3 hippogriffs
  4 black bears
  2 orc warriors
  17 ice beasts
  A sky beast (D:8)
  An eye of draining (D:5)
  3 phantoms
  3 wolves (D:11)
  2 centaurs
  3 ogres
  6 giant frogs
  2 gnoll sergeants
  3 big kobolds
  A water moccasin skeleton (D:8)
  5 scorpions
  15 killer bees
  4 wights (D:10)
  4 howler monkeys
  4 crimson imps
  A giant frog zombie (D:10)
  2 centaur zombies
  A giant frog skeleton (D:9)
  7 hounds
  2 jellies
  4 orc priests
  7 orc wizards
  Natasha (twice) (D:4)
  3 iguanas
  4 worker ants
  A killer bee zombie (D:7)
  3 sheep (D:7)
  A hound zombie (D:11)
  A hound skeleton (D:11)
  Robin (D:2)
  A worker ant zombie (D:9)
  15 adders
  9 gnolls
  3 howler monkey skeletons
  2 river rats (Sewer)
  3 shadow imps
  An adder skeleton (D:6)
  An adder zombie (D:8)
  5 worms
  7 giant geckos
  32 orcs
  A ball python (D:1)
  9 bats
  6 giant cockroaches
  13 goblins
  10 hobgoblins
  22 jackals
  22 kobolds
  5 quokkas
  A giant cockroach zombie (D:5)
  10 giant newts
  A quokka skeleton (D:4)
  A quokka zombie (D:6)
  7 rats
  3 fungi (D:2)
  A plant (D:3)
332 creatures vanquished.

Vanquished Creatures (others)
  2 plants (D:11)
2 creatures vanquished.

Grand Total: 334 creatures vanquished

Notes
Turn   | Place    | Note
-------+----------+-------------------------------------------
     0 | D:1      | LORDOFBUTT the Minotaur Fighter began the quest for the Orb.
     0 | D:1      | Reached XP level 1. HP: 19/19 MP: 0/0
   271 | D:1      | Reached XP level 2. HP: 27/27 MP: 1/1
   687 | D:2      | Reached XP level 3. HP: 15/33 MP: 2/2
   743 | D:2      | Found an iron altar of Okawaru.
   942 | D:2      | Reached XP level 4. HP: 32/41 MP: 3/3
  1004 | D:2      | Noticed Robin
  1020 | D:2      | Killed Robin
  1020 | D:2      | Reached skill level 1 in Dodging
  1376 | D:2      | Found a glowing silver altar of Zin.
  1636 | D:3      | Reached XP level 5. HP: 46/47 MP: 4/4
  1817 | D:3      | Upgraded the game from 0.19-a0-1169-g4149f68 to 0.19-a0-1188-g4c2e17c
  1859 | D:3      | Found an oddly glowing altar of Pakellas.
  2406 | D:4      | Found a staircase to the Ecumenical Temple.
  2414 | D:4      | Noticed a phantom
  2435 | D:4      | Killed a phantom
  2435 | D:4      | Reached skill level 5 in Armour
  2435 | D:4      | Reached skill level 5 in Shields
  2474 | D:4      | Reached XP level 6. HP: 52/55 MP: 5/5
  2579 | D:4      | Found a shadowy altar of Dithmenos.
  2599 | D:4      | Reached skill level 5 in Fighting
  2640 | D:4      | Noticed Natasha
  2647 | D:4      | Killed Natasha
  2703 | D:4      | Found a glowing golden altar of the Shining One.
  2729 | D:4      | Found a glowing drain.
  2744 | Sewer    | Entered a sewer
  2811 | Sewer    | Reached XP level 7. HP: 51/61 MP: 6/6
  2929 | Sewer    | Found a glowing silver altar of Zin.
  3021 | D:4      | Noticed Natasha
  3024 | D:4      | Killed Natasha
  3201 | Temple   | Entered the Ecumenical Temple
  3402 | D:5      | Entered Level 5 of the Dungeon
  3403 | D:5      | Noticed Eustachio
  3403 | D:5      | Noticed a hippogriff
  3418 | D:5      | Killed a hippogriff
  3418 | D:5      | Reached skill level 5 in Axes
  3438 | D:5      | Killed Eustachio
  3471 | D:5      | Reached skill level 1 in Stealth
  3486 | D:5      | Reached XP level 8. HP: 56/70 MP: 7/7
  3551 | D:5      | Found a bloodstained altar of Trog.
  4915 | D:6      | Noticed Prince Ribbit
  4930 | D:6      | Reached skill level 5 in Dodging
  4993 | D:6      | Found a shattered altar of Ashenzari.
  4993 | D:6      | Found a basalt altar of Yredelemnul.
  5131 | D:6      | Killed Prince Ribbit
  5131 | D:6      | Reached XP level 9. HP: 56/78 MP: 8/8
  6004 | D:7      | Found a shimmering altar of Xom.
  6265 | D:7      | Found an opulent altar of Gozag.
  6268 | D:7      | Found a deep blue altar of Sif Muna.
  6271 | D:7      | Found a hazy altar of Hepliaklqana.
  6279 | D:7      | Found a sacrificial altar of Ru.
  6285 | D:7      | Became a worshipper of Gozag Ym Sagoz the Greedy
  6535 | D:8      | Reached XP level 10. HP: 52/88 MP: 9/9
  7599 | D:10     | Entered Level 10 of the Dungeon
  7612 | D:10     | Noticed Harold
  7636 | D:10     | Killed Harold
  7944 | D:10     | Noticed a hill giant
  7950 | D:10     | Killed a hill giant
  7950 | D:10     | Reached skill level 10 in Axes
  7950 | D:10     | Reached skill level 10 in Shields
  7957 | D:10     | Noticed Sonja
  7968 | D:10     | Killed Sonja
  8265 | D:10     | Reached XP level 11. HP: 86/95 MP: 10/10
  8382 | D:10     | Noticed a hill giant
  8389 | D:10     | Killed a hill giant
  8705 | D:11     | Noticed Erica
  8732 | D:11     | Killed Erica
  8884 | D:11     | Noticed a hill giant
  8890 | D:11     | Killed a hill giant
  8938 | D:11     | Noticed Grum
  8946 | D:11     | Killed Grum
  9021 | D:11     | Found a frozen archway.
  9079 | IceCv    | Entered an ice cave
  9079 | IceCv    | Noticed a white ugly thing
  9079 | IceCv    | Noticed liquidsnake's ghost (journeyman HEFi)
  9095 | IceCv    | Killed a white ugly thing
  9139 | IceCv    | Noticed a white ugly thing
  9141 | IceCv    | Engulfed by an ice statue's freezing vapour

Vault maps used:
D:1:      saegor_arrival_under_anarchy, minmay_crystal_water
D:2:      zin_treasury, lemuel_crystal_altar, kennysheep_pointless_box,
          minmay_gold_behind_fungi, uniq_robin
D:3:      lemuel_round_altar, serial_bayou, serial_bayou_pond_e,
          serial_bayou_pond_b, serial_bayou_ford_a, serial_bayou_pond_b
D:4:      grunt_dithmenos_shadows, portal_sewer_entry_d, serial_bayou_pond_b,
          tso_altar, uniq_natasha
D:5:      trog_eyes_of_draining, first_bread, uniq_eustachio
D:6:      gammafunk_temple_overflow_pools, uniq_prince_ribbit1
D:7:      kennysheep_mini_moat, grunt_temple_overflow_cloverleaf,
          grunt_livestock, minmay_stone_trees_medium
D:10:     hangedman_abyss_or_decor_clamps, uniq_harold, uniq_sonja
D:11:     david_lair_shrubbed, orc_0_dummy, portal_ice_cave_entry_ice_beasts,
          eino_house_with_fridge, uniq_grum, uniq_erica
Temple:   chequers_temple_sunken
Sewer:    sewer_kobolds
IceCv:    ice_cave_statue_garden_teleport

Skill      XL: |  1  2  3  4  5  6  7  8  9 10 11 |
---------------+----------------------------------+-----
Shields        | 4 5 6 7 9 10 11 | 11.1
Fighting       | 4 5 6 7 8 9 |  9.5
Armour         | 4 5 6 7 8 9 |  9.0
Axes           | 3 4 5 7 8 10 11 | 11.4
Dodging        | 1 2 4 5 6 8 9 |  9.4
Stealth        | 1 2 |  2.9

Action                   |  1- 3 |  4- 6 |  7- 9 | 10-12 || total
-------------------------+-------+-------+-------+-------++-------
Melee: War axe           |    62 |    55 |       |   147 ||   264
       Headbutt          |    11 |    26 |    83 |    66 ||   186
       Hand axe          |       |   153 |   376 |   149 ||   678
Invok: Potion Petition   |       |       |       |     1 ||     1
  Use: Scroll            |       |     7 |    15 |     3 ||    25
       Potion            |       |       |     8 |     5 ||    13
 Stab: Distracted        |       |     1 |       |     3 ||     4
       Invisible         |       |       |     3 |     3 ||     6
  Eat: Bread ration      |       |     1 |     1 |       ||     2
       Pizza             |       |     1 |       |     5 ||     6
       Beef jerky        |       |     1 |       |       ||     1
       Meat ration       |       |       |     2 |       ||     2
Armor: Scale mail        |    31 |    69 |   142 |   105 ||   347
Dodge: Dodged            |    22 |    51 |   135 |   141 ||   349
Block: Shield            |    38 |    93 |   226 |   185 ||   542
